 Dungeon Crawl Stone Soup version 0.28.0-43-g3370ac3207 (webtiles) character file.

Game seed: 14027047361437243065

9401 Woods the Frost Mage (level 11, -8/81 HPs)
             Began as a Gnoll Ice Elementalist on Mar 7, 2022.
             Was an Initiate of Yredelemnul.
             Mangled by Snorg (11 damage)
             ... on level 11 of the Dungeon.
             The game lasted 00:23:46 (13198 turns).

Woods the Frost Mage (Gnoll Ice Elementalist)      Turns: 13198, Time: 00:23:47

Health: -8/81      AC: 13    Str: 13    XL:     11   Next: 45%
Magic:  20/32      EV: 15    Int: 19    God:    Yredelemnul [......]
Gold:   702        SH:  0    Dex: 13    Spells: 4/26 levels left

rFire   + . .      SeeInvis .   w - +6 mace of Wisdom {elec, rPois rF+ rCorr Stlth-}
rCold   . . .      Faith    .   (no shield)
rNeg    . . .      Spirit   .   a - +0 robe
rPois   +          Reflect  .   (no helmet)
rElec   .          Harm     .   x - +0 cloak
rCorr   +          Rampage  .   (no gloves)
Will    .....                   n - +0 pair of boots
Stlth   +++.......              I - amulet of magic regeneration
HPRegen 0.23/turn               u - ring of magical power
MPRegen 0.63/turn               y - +6 ring of strength

@: ice-armoured, freezing walls, very slightly contaminated
A: fangs 1, strong nose, distributed training
a: Renounce Religion, Recall Undead Harvest


You were on level 11 of the Dungeon.
You worshipped Yredelemnul.
Yredelemnul was noncommittal.
You visited 2 branches of the dungeon, and saw 12 of its levels.

You collected 702 gold pieces.

Inventory:

Hand Weapons
 m - a +0 falchion
 w - the +6 mace of Wisdom (weapon) {elec, rPois rF+ rCorr Stlth-}
   (You found it on level 5 of the Dungeon)

   It occasionally discharges a powerful burst of electricity upon striking a
   foe.
   rF:        It protects you from fire.
   rPois:     It protects you from poison.
   rCorr:     It protects you from acid and corrosion.
   Stlth:     It makes you less stealthy.
Missiles
 p - 2 throwing nets
Armour
 a - a +0 robe (worn)
 n - a +0 pair of boots (worn)
 x - a +0 cloak (worn)
Magical Staves
 q - a staff of death
Jewellery
 u - a ring of magical power (left hand)
 v - a ring of protection from cold
 y - a +6 ring of strength (right hand)
 B - a ring of flight
 I - an amulet of magic regeneration (around neck)
Wands
 l - a wand of mindburst (8)
 r - a wand of charming (8)
 D - a wand of digging (3)
 H - a wand of iceblast (1)
Scrolls
 c - 2 scrolls of holy word
 d - 4 scrolls of teleportation
 e - 3 scrolls of enchant weapon
 g - 3 scrolls of enchant armour
 i - a scroll of blinking {unknown}
 o - 2 scrolls of brand weapon
 z - a scroll of fear {unknown}
 F - a scroll of vulnerability
Potions
 b - 5 potions of might
 f - a potion of mutation
 h - 4 potions of ambrosia
 j - a potion of lignification {unknown}
 k - a potion of cancellation {unknown}
 s - a potion of degeneration {unknown}
 t - 2 potions of brilliance
 A - a potion of magic {unknown}
 C - a potion of berserk rage {unknown}
 E - 3 potions of heal wounds
 J - a potion of invisibility {unknown}
Miscellaneous
 G - a lightning rod (4/4)


   Skills:
 + Level 6.3 Fighting
 + Level 6.3 Short Blades
 + Level 6.3 Long Blades
 + Level 6.3 Axes
 + Level 6.3 Maces & Flails
 + Level 6.3 Polearms
 + Level 6.3 Staves
 + Level 6.3 Slings
 + Level 6.3 Bows
 + Level 6.3 Crossbows
 + Level 6.3 Throwing
 + Level 6.3 Armour
 + Level 7.9 Dodging
 + Level 7.6 Stealth
 + Level 6.3 Shields
 + Level 6.3 Unarmed Combat
 + Level 8.1 Spellcasting
 + Level 5.2 Conjurations
 + Level 5.2 Hexes
 + Level 5.2 Summonings
 + Level 5.2 Necromancy
 + Level 5.2 Translocations
 + Level 5.2 Transmutations
 + Level 5.2 Fire Magic
 + Level 8.9 Ice Magic
 + Level 5.2 Air Magic
 + Level 5.2 Earth Magic
 + Level 5.2 Poison Magic
 + Level 6.9 Invocations
 + Level 6.3 Evocations


You had 4 spell levels left.
You knew the following spells:

 Your Spells              Type           Power      Damage    Failure   Level
a - Freeze                Ice            100%       1d11      1%          1
b - Frozen Ramparts       Ice            82%        1d10      1%          3
c - Ozocubu's Armour      Ice            41%        N/A       1%          3
d - Hailstorm             Conj/Ice       34%        3d9       4%          4
e - Dispel Undead         Necr           27%        3d13      11%         4
f - Leda's Liquefaction   Hex/Erth       13%        N/A       11%         4
g - Vampiric Draining     Necr           27%        2d7       3%          3

Your spell library contained the following spells:

 Spells                   Type           Power      Damage    Failure   Level
 Slow                     Hex            100%       N/A       1%          1
 Static Discharge         Conj/Air       27%        N/A       1%          2
 Call Canine Familiar     Summ           27%        N/A       3%          3
 Confusing Touch          Hex            27%        N/A       3%          3
 Portal Projectile        Hex/Tloc       54%        N/A       3%          3
 Stone Arrow              Conj/Erth      54%        3d10      3%          3
 Animate Armour           Summ/Erth      54%        N/A       11%         4
 Sticky Flame             Conj/Fire      27%        2d5       11%         4
 Metabolic Englaciation   Hex/Ice        17%        N/A       14%         5
 Fireball                 Conj/Fire      13%        3d7       28%         5
 Iskenderun's Battlesphe  Conj           27%        2d8       28%         5
 Simulacrum               Ice/Necr       17%        N/A       58%         6
 Conjure Ball Lightning   Conj/Air       13%        3x3d6     85%         6
 Orb of Destruction       Conj           13%        9d7       100%        7
 Lehudib's Crystal Spear  Conj/Erth      13%        10d5      100%        8


Dungeon Overview and Level Annotations

Branches:
Dungeon (11/15)            Temple (1/1) D:4
   Lair: D:8-11         Orc: D:9-12

Altars:
Ashenzari
Cheibriados
Dithmenos
Elyvilon
Fedhas
Gozag
Hepliaklqana
Kikubaaqudgha
Makhleb
Nemelex Xobeh
Okawaru
Qazlal
Ru
Sif Muna
Trog
Uskayaw
Vehumet
Wu Jian
Xom
Yredelemnul
Zin
The Shining One

Shops:
D:6 [

Annotations:
D:11 Snorg


Innate Abilities, Weirdness & Mutations

You have very sharp teeth.
Your uncanny sense of smell can sniff out nearby items.
Your experience applies equally to all skills.


Message History

Casting: Ozocubu's Armour (safe; 1% risk of failure)
Confirm with . or Enter, or press ? or * to list all spells.
Aiming: Vampiric Draining (mildly dangerous; 3% risk of failure)
Press: ? - help, Shift-Dir - straight line, f - Snorg
Aim: Snorg (moderately wounded, berserk)
You draw life force from Snorg.
You feel life coursing into your body.
The wall freezes Snorg.
Snorg bites you!
* * * LOW HITPOINT WARNING * * *
Snorg barely misses you. Snorg misses you.
Casting: Vampiric Draining (mildly dangerous; 3% risk of failure)
Confirm with . or Enter, or press ? or * to list all spells.
Aiming: Vampiric Draining (mildly dangerous; 3% risk of failure)
Press: ? - help, Shift-Dir - straight line, f/p - Snorg
Aim: Snorg (moderately wounded, berserk)
You draw life force from Snorg!
You feel life coursing into your body.
The wall freezes Snorg.
Snorg barely misses you. Snorg misses you. x2
The wall freezes Snorg.
Snorg closely misses you. x3
Unknown command.
Casting: Vampiric Draining (mildly dangerous; 3% risk of failure)
Confirm with . or Enter, or press ? or * to list all spells.
Aiming: Vampiric Draining (mildly dangerous; 3% risk of failure)
Press: ? - help, Shift-Dir - straight line, f/p - Snorg
Aim: Snorg (heavily wounded, berserk)
You draw life force from Snorg!
You feel life coursing into your body.
The wall freezes Snorg!
Snorg bites you!
* * * LOW HITPOINT WARNING * * *
Snorg claws you but does no damage. Snorg misses you.
Casting: Vampiric Draining (mildly dangerous; 3% risk of failure)
Confirm with . or Enter, or press ? or * to list all spells.
Aiming: Vampiric Draining (mildly dangerous; 3% risk of failure)
Press: ? - help, Shift-Dir - straight line, f/p - Snorg
Aim: Snorg (heavily wounded, berserk)
You miscast Vampiric Draining.
You are very lightly contaminated with residual magic.
Nothing appears to happen.
The wall freezes Snorg.
Snorg bites you!
* * * LOW HITPOINT WARNING * * *
Snorg barely misses you. Snorg completely misses you.
The wall freezes Snorg.
Snorg closely misses you. Snorg claws you!
You die...
Your body rises from the dead as a mindless zombie.

#.....................#
#.....................#
#.....................######
............................
.......T....................
.....#'####.................
.... #. #.................
... #. #T................ ..
#. #@................ . #.
#[................ #.
#.........###.....
#.......###..#....
......###.. #.... ....### .
#..## ...### #..#. .###
#..#. #..#.


You could see Snorg (berserk).

Vanquished Creatures
  2 kobold demonologists
  A troll (D:10)
  Sigmund (D:5)
  2 wraiths
  12 yaks
  A wyvern (D:11)
  2 basilisks
  Menkaure (D:7)
  4 vampire mosquitoes (D:7)
  3 water moccasins
  6 orc warriors
  An ice beast (D:6)
  3 black bears
  2 ogres (D:5)
  A necrophage (D:3)
  5 centaurs
  8 kobold brigands
  3 bullfrogs
  2 wyvern zombies
  2 scorpions (D:5)
  5 killer bees (D:9)
  6 wights
  2 howler monkeys (D:10)
  Crazy Yiuf (D:5)
  A centaur skeleton (D:7)
  A gnoll shaman (D:6)
  4 hounds
  2 iguanas
  2 orc priests
  2 bullfrog skeletons (D:6)
  Natasha (thrice) (D:3)
  6 orc wizards
  A killer bee zombie (D:8)
  A hound skeleton (D:5)
  2 howler monkey zombies
  12 gnolls
  7 adders
  2 howler monkey skeletons
  A shadow imp (D:5)
  A white imp (D:8)
  2 ufetubi
  3 worms
  27 orcs
  9 endoplasms
  7 goblins
  5 hobgoblins
  9 jackals
  3 quokkas
  11 ball pythons
  6 bats
  6 frilled lizards
  22 kobolds
  7 rats
241 creatures vanquished.

Vanquished Creatures (collateral kills)
  A centaur warrior (D:10)
  3 yaks (D:9)
  A howler monkey (D:10)
5 creatures vanquished.

Vanquished Creatures (others)
  5 yak zombies (D:10)
  A centaur zombie (D:10)
  A howler monkey zombie (D:10)
  3 orc zombies (D:10)
  4 kobold zombies (D:11)
  4 fungi (D:11)
  18 plants (D:11)
36 creatures vanquished.

Grand Total: 282 creatures vanquished

Notes
Turn   | Place    | Note
-------+----------+-------------------------------------------
     0 | D:1      | Woods the Gnoll Ice Elementalist began the quest for the
                  | Orb.
     0 | D:1      | Reached XP level 1. HP: 13/13 MP: 6/6
    26 | D:1      | Found a faded altar of an unknown god.
   136 | D:1      | Reached XP level 2. HP: 13/19 MP: 2/7
   784 | D:1      | Reached XP level 3. HP: 21/25 MP: 7/9
   866 | D:1      | Reached skill level 5 in Spellcasting
  1176 | D:2      | Reached skill level 1 in Invocations
  1243 | D:2      | Learned a level 3 spell: Frozen Ramparts
  1247 | D:2      | Learned a level 3 spell: Ozocubu's Armour
  1278 | D:2      | Reached skill level 1 in Fighting
  1278 | D:2      | Reached skill level 1 in Short Blades
  1278 | D:2      | Reached skill level 1 in Long Blades
  1278 | D:2      | Reached skill level 1 in Axes
  1278 | D:2      | Reached skill level 1 in Maces & Flails
  1278 | D:2      | Reached skill level 1 in Polearms
  1278 | D:2      | Reached skill level 1 in Staves
  1278 | D:2      | Reached skill level 1 in Slings
  1278 | D:2      | Reached skill level 1 in Bows
  1278 | D:2      | Reached skill level 1 in Crossbows
  1278 | D:2      | Reached skill level 1 in Throwing
  1278 | D:2      | Reached skill level 1 in Armour
  1278 | D:2      | Reached skill level 1 in Shields
  1278 | D:2      | Reached skill level 1 in Unarmed Combat
  1278 | D:2      | Reached skill level 1 in Evocations
  1303 | D:2      | Reached XP level 4. HP: 28/32 MP: 8/11
  1483 | D:2      | Found a stormy altar of Qazlal.
  1964 | D:3      | Reached skill level 1 in Conjurations
  1964 | D:3      | Reached skill level 1 in Hexes
  1964 | D:3      | Reached skill level 1 in Summonings
  1964 | D:3      | Reached skill level 1 in Necromancy
  1964 | D:3      | Reached skill level 1 in Translocations
  1964 | D:3      | Reached skill level 1 in Transmutations
  1964 | D:3      | Reached skill level 1 in Fire Magic
  1964 | D:3      | Reached skill level 1 in Air Magic
  1964 | D:3      | Reached skill level 1 in Earth Magic
  1964 | D:3      | Reached skill level 1 in Poison Magic
  1972 | D:3      | Learned a level 4 spell: Hailstorm
  2158 | D:3      | Found an ancient bone altar of Kikubaaqudgha.
  2159 | D:3      | Noticed Natasha
  2165 | D:3      | Killed Natasha
  2166 | D:3      | Reached XP level 5. HP: 37/37 MP: 6/12
  2572 | D:3      | Noticed Natasha
  2581 | D:3      | Killed Natasha
  2683 | D:3      | Found a burning altar of Makhleb.
  2877 | D:3      | Noticed Natasha
  2881 | D:3      | Killed Natasha
  2882 | D:3      | Reached XP level 6. HP: 44/44 MP: 8/13
  3245 | D:4      | Noticed a necrophage
  3338 | D:3      | Killed a necrophage
  3339 | D:3      | Reached skill level 5 in Dodging
  3481 | D:4      | Noticed a necrophage
  3708 | D:4      | Found a snail-covered altar of Cheibriados.
  3796 | D:4      | Found a stormy altar of Qazlal.
  4113 | D:4      | Reached XP level 7. HP: 46/50 MP: 8/15
  4207 | D:4      | Found a staircase to the Ecumenical Temple.
  4223 | Temple   | Entered the Ecumenical Temple
  4596 | D:5      | Entered Level 5 of the Dungeon
  4611 | D:5      | Found an iron altar of Okawaru.
  4614 | D:5      | Found a hide-covered altar of Uskayaw.
  4943 | D:5      | Reached skill level 5 in Stealth
  5120 | D:5      | Reached XP level 8. HP: 57/57 MP: 16/16
  5218 | D:5      | Noticed Sigmund
  5230 | D:5      | Killed Sigmund
  5286 | D:5      | Identified the +6 mace of Wisdom {elec, rPois rF+ rCorr
                  | Stlth-}
  5294 | D:5      | Found a runed translucent door.
  5296 | D:5      | Noticed Crazy Yiuf
  5303 | D:5      | Killed Crazy Yiuf
  6659 | D:6      | Reached XP level 9. HP: 56/65 MP: 18/18
  7131 | D:6      | Found Kaen's Armour Shop.
  7567 | D:7      | Learned a level 4 spell: Dispel Undead
  7572 | D:7      | Learned a level 4 spell: Leda's Liquefaction
  7639 | D:7      | Noticed Menkaure
  8191 | D:7      | Reached skill level 5 in Invocations
  8388 | D:7      | Killed Menkaure
  8528 | D:8      | Reached XP level 10. HP: 73/73 MP: 20/20
  8854 | D:8      | Reached skill level 5 in Fighting
  8854 | D:8      | Reached skill level 5 in Short Blades
  8854 | D:8      | Reached skill level 5 in Long Blades
  8854 | D:8      | Reached skill level 5 in Axes
  8854 | D:8      | Reached skill level 5 in Maces & Flails
  8854 | D:8      | Reached skill level 5 in Polearms
  8854 | D:8      | Reached skill level 5 in Staves
  8854 | D:8      | Reached skill level 5 in Slings
  8854 | D:8      | Reached skill level 5 in Bows
  8854 | D:8      | Reached skill level 5 in Crossbows
  8854 | D:8      | Reached skill level 5 in Throwing
  8854 | D:8      | Reached skill level 5 in Armour
  8854 | D:8      | Reached skill level 5 in Shields
  8854 | D:8      | Reached skill level 5 in Unarmed Combat
  8854 | D:8      | Reached skill level 5 in Evocations
  8912 | D:8      | Found a radiant altar of Vehumet.
  9773 | D:9      | Found a basalt altar of Yredelemnul.
  9864 | D:9      | Became a worshipper of Yredelemnul the Dark
  9985 | D:9      | Reached * piety under Yredelemnul
  9996 | D:9      | Reached ** piety under Yredelemnul
  9998 | D:9      | Reached *** piety under Yredelemnul
 10485 | D:9      | Reached **** piety under Yredelemnul
 10486 | D:9      | Reached ***** piety under Yredelemnul
 10553 | D:9      | Found a white marble altar of Elyvilon.
 10807 | D:10     | Entered Level 10 of the Dungeon
 11153 | D:10     | Reached XP level 11. HP: 79/81 MP: 22/22
 11384 | D:10     | Killed a centaur warrior
 11385 | D:10     | Reached skill level 5 in Conjurations
 11385 | D:10     | Reached skill level 5 in Hexes
 11385 | D:10     | Reached skill level 5 in Summonings
 11385 | D:10     | Reached skill level 5 in Necromancy
 11385 | D:10     | Reached skill level 5 in Translocations
 11385 | D:10     | Reached skill level 5 in Transmutations
 11385 | D:10     | Reached skill level 5 in Fire Magic
 11385 | D:10     | Reached skill level 5 in Air Magic
 11385 | D:10     | Reached skill level 5 in Earth Magic
 11385 | D:10     | Reached skill level 5 in Poison Magic
 12199 | D:11     | Noticed a six-headed hydra
 12499 | D:11     | Noticed a cyclops
 12525 | D:10     | Learned a level 3 spell: Vampiric Draining
 13179 | D:11     | Noticed Snorg
 13198 | D:11     | HP: 3/81 [Snorg (17)]
 13198 | D:11     | Mangled by Snorg

Illustrated notes

Levels and vault maps discovered:
D:1:      lightli_arrival_isolated_outpost, layout_basic,
          hellmonk_ecumenical_altar_run_dry, chequers_serial_rivers_small_a,
          minmay_surrounded
D:2:      layout_rooms, basic_altar
D:3:      layout_basic, mainiacjoe_overflow_alcove_4,
          mainiacjoe_overflow_tiny_flanked, serial_bayou_pond_c, uniq_natasha
D:4:      layout_cave_pools, grunt_qazlal_clouds, cheibrodos_worm_habitat,
          minmay_temple_entry_glassed_door
D:5:      layout_loops_ring, nicolae_overflow_hidden_temple,
          uniq_crazy_yiuf_cottage, uniq_sigmund
D:6:      layout_gridville, serial_shops, kennysheep_little_box
D:7:      layout_rooms, uniq_menkaure
D:8:      layout_basic, nicolae_vehumet_altar_sigil
D:9:      layout_roguey, kennysheep_ying_yang
D:10:     layout_basic, kennysheep_small_circle
D:11:     minmay_the_grid_triangle_9x9_recursive_2_mashed
          [minmay_the_grid_triangle_9x9_prize_special,
          minmay_the_grid_triangle_9x9_sparse_checkered,
          minmay_the_grid_triangle_9x9_thin_v,
          minmay_the_grid_triangle_9x9_fully_insulated_deathbox],
          layout_irregular_city, minmay_lair_entry_grove, minivault_5,
          kennysheep_pointless_box, minivault_1, uniq_snorg
Temple:   oiseaux_autumnal_temple

Skill      XL: |  1  2  3  4  5  6  7  8  9 10 11 |
---------------+----------------------------------+-----
Spellcasting   | 5 6 7 8 |  8.1
Invocations    | 1 2 3 4 5 6 |  6.9
Fighting       | 1 2 3 4 5 6 |  6.3
Short Blades   | 1 2 3 4 5 6 |  6.3
Long Blades    | 1 2 3 4 5 6 |  6.3
Axes           | 1 2 3 4 5 6 |  6.3
Maces & Flails | 1 2 3 4 5 6 |  6.3
Polearms       | 1 2 3 4 5 6 |  6.3
Staves         | 1 2 3 4 5 6 |  6.3
Slings         | 1 2 3 4 5 6 |  6.3
Bows           | 1 2 3 4 5 6 |  6.3
Crossbows      | 1 2 3 4 5 6 |  6.3
Throwing       | 1 2 3 4 5 6 |  6.3
Armour         | 1 2 3 4 5 6 |  6.3
Shields        | 1 2 3 4 5 6 |  6.3
Unarmed Combat | 1 2 3 4 5 6 |  6.3
Evocations     | 1 2 3 4 5 6 |  6.3
Conjurations   | 1 2 3 4 5 |  5.2
Hexes          | 1 2 3 4 5 |  5.2
Summonings     | 1 2 3 4 5 |  5.2
Necromancy     | 1 2 3 4 5 |  5.2
Translocations | 1 2 3 4 5 |  5.2
Transmutations | 1 2 3 4 5 |  5.2
Fire Magic     | 1 2 3 4 5 |  5.2
Air Magic      | 1 2 3 4 5 |  5.2
Earth Magic    | 1 2 3 4 5 |  5.2
Poison Magic   | 1 2 3 4 5 |  5.2
Dodging        | 5 6 7 |  7.9
Stealth        | 5 6 7 |  7.6
Ice Magic      | 8 |  8.9

Action                   |  1- 3 |  4- 6 |  7- 9 | 10-12 || total
-------------------------+-------+-------+-------+-------++-------
Melee: Unarmed           |     4 |     4 |       |       ||     8
       Bite              |     2 |     5 |    15 |    11 ||    33
       Falchion          |       |    32 |    53 |       ||    85
       Punch             |       |     2 |     4 |     3 ||     9
       Mace              |       |       |   101 |   123 ||   224
 Cast: Freeze            |    42 |    57 |     4 |     4 ||   107
       Frozen Ramparts   |       |    17 |    28 |    27 ||    72
       Ozocubu's Armour  |       |     5 |    25 |    28 ||    58
       Leda's Liquefacti |       |       |       |     3 ||     3
       Vampiric Draining |       |       |       |     4 ||     4
Invok: Recall Undead Har |       |       |       |     6 ||     6
  Use: Scroll            |       |     2 |     5 |     4 ||    11
 Stab: Sleeping          |       |     1 |       |       ||     1
Armor: Robe              |     6 |    19 |    46 |    47 ||   118
Dodge: Dodged            |    18 |    70 |   131 |   159 ||   378
